 Dungeon Crawl Stone Soup version 0.31-a0-1338-gb567cfdca4 (webtiles) character file.

Game seed: 3652583307262284317

152907 Drazool the Eclecticist (level 18, -3/128 HPs)
             Began as a Djinni Fire Elementalist on Dec 20, 2023.
             Was a High Priest of Ashenzari.
             Slain by a wolf spider simulacrum (22 damage)
             ... on level 3 of the Spider Nest on Dec 21, 2023.
             The game lasted 02:07:30 (27084 turns).

Drazool the Eclecticist (Djinni Fire Elementalist) Turns: 27084, Time: 02:07:31

Health: -3/128     AC: 13    Str:  7    XL:     18   Next: 21%
Gold:   1579       EV: 19    Int: 23    God:    Ashenzari [*****.] SH:  0 Dex: 16

rFire   + + .        H - +2 triple sword (flame)
rCold   x . .        (shield currently unavailable)
rNeg    + . .        a - +2 troll leather armour of Ashenzari's Doubts {Regen+, Bglg, Cun} (curse)
rPois   ∞            c - +2 helmet of the Unyielding Gaze {Sorc, Cun} (curse)
rElec   .            w - +0 cloak of Ashenzari's Scepticism {Melee, Sorc} (curse)
rCorr   .            C - +1 pair of gloves "Share My Optimism" {Elem, Comp} (curse)
SInv    +            (boots unavailable)
Will    +....        K - amulet of the Tethered Repose {Regen+, Sorc, Dev} (curse)
Stlth   +++          Z - ring of the Tethered Sun {Wiz, Elem, Cun} (curse)
HPRegen 2.01/turn    N - ring "Clairvoyant Seer" {rN+, Range, Elem} (curse)
MPRegen 0.00/turn

%: clarity, wizardry (x1), infuse magic (-4 HP)
@: forested, flying
A: sickness immunity, fire resistance 2, cold vulnerability 1, float, innate
caster, HP casting, extra vitality 1
a: Renounce Religion, Curse Item, Shatter the Chains


You were on level 3 of the Spider Nest.
You worshipped Ashenzari.
Ashenzari was extremely pleased with you.
You visited 5 branches of the dungeon, and saw 26 of its levels.
You also visited: Ossuary and Volcano.

You collected 2150 gold pieces.
You spent 571 gold pieces at shops.


Innate Abilities, Weirdness & Mutations

You are immune to sickness and miasma.
You are immune to poison.
Your flesh is very heat resistant. (rF++)
You are vulnerable to cold. (rC-)
You float through the air rather than walking.
You learn spells naturally, not from books.
Your magical power is your life essence.
You have superior vitality. (+4 MHP)


   Skills:
 - Level 11.3 Fighting
 - Level 12.9(15.0) Long Blades
 - Level 10.2(12.3) Staves
 - Level 10.0 Armour
 - Level 10.8(15.0) Dodging
 - Level 1.5(4.2) Stealth
 - Level 15.0 Spellcasting
 - Level 15.0(19.0) Conjurations
 - Level 15.0(17.0) Hexes
 - Level 15.0(17.0) Summonings
 - Level 15.0(17.0) Necromancy
 - Level 15.0(17.0) Translocations
 - Level 15.0(19.0) Fire Magic
 - Level 15.0(19.0) Ice Magic
 - Level 15.0(19.0) Air Magic
 - Level 15.0(19.0) Earth Magic
 - Level 15.0(19.0) Alchemy
 + Level 6.3(8.5) Evocations


You knew the following spells:

 Your Spells              Type           Power      Damage    Failure   Level
a - Kiss of Death         Conj/Necr      100%       2d13      0%          1
b - Jinxbite              Hex            100%       N/A       0%          2
c - Eringya's Noxious Bo  Alch           40%        4d6       1%          6
d - Manifold Assault      Tloc           77%        N/A       1%          4
e - Conjure Ball Lightni  Conj/Air       40%        3x3d13    1%          6
f - Foxfire               Conj/Fire      100%       2x1d9     0%          1
m - Mephitic Cloud        Conj/Alch/Air  81%        N/A       0%          3
r - Inner Flame           Hex/Fire       79%        N/A       0%          3
t - Summon Forest         Summ/Tloc      38%        N/A       1%          5
v - Summon Mana Viper     Hex/Summ       77%        N/A       1%          5
X - Scorch                Fire           100%       2d9       0%          2
Y - Volatile Blastmotes   Fire/Tloc      100%       2d18      0%          3
Z - Flame Wave            Conj/Fire      81%        2d18      0%          4
Your spell library was empty.

Inventory:

Hand Weapons
 q - the +6 rapier "Arcanum" {chaos, +Blink rN+}
   (You found it on level 1 of the Lair of Beasts)

   rN+:       It protects you from negative energy.
   +Blink:    It lets you blink.
 t - a +0 rapier of venom
 H - a +2 triple sword of flaming (weapon)
Missiles
 P - a throwing net {=f}
Armour
 a - the cursed +2 troll leather armour of Ashenzari's Doubts (worn) {Regen+, Bglg, Cun}
   (You found it on level 10 of the Dungeon)

   Regen+:    It increases your rate of health regeneration.
   It has a curse which improves the following skills: Beguiling: Hexes and
   Translocations.
   Cunning:   Dodging and Stealth.
 c - the cursed +2 helmet of the Unyielding Gaze (worn) {Sorc, Cun}
   (You found it on level 3 of the Dungeon)

   It has a curse which improves the following skills: Sorcery: Conjurations and
   Alchemy.
   Cunning:   Dodging and Stealth.
 p - the +0 helmet "Koawet"
   (You bought it in a shop on level 2 of the Orcish Mines)
 w - the cursed +0 cloak of Ashenzari's Scepticism (worn) {Melee, Sorc}
   (You found it on level 8 of the Dungeon)

   It has a curse which improves the following skills: Melee Combat: Short
   Blades, Long Blades, Axes, Maces & Flails, Polearms, Staves and Unarmed
   Combat.
   Sorcery:   Conjurations and Alchemy.
 C - the cursed +1 pair of gloves "Share My Optimism" (worn) {Elem, Comp}
   (You found it on level 8 of the Dungeon)

   It has a curse which improves the following skills: Elements: Fire Magic, Ice
   Magic, Air Magic and Earth Magic.
   Companions: Summonings and Necromancy.
Magical Staves
 i - a staff of conjuration {!a}
 u - a staff of air {!a}
 v - a staff of death {!a}
 L - a staff of fire {!a}
Jewellery
 f - a ring of protection from fire
 F - a ring of fire
 K - the cursed amulet of the Tethered Repose (around neck) {Regen+, Sorc, Dev}
   (You found it on level 12 of the Dungeon)

   [amulet of regeneration]

   Regen+:    It increases your rate of health regeneration.
   It has a curse which improves the following skills: Sorcery: Conjurations and
   Alchemy.
   Devices:   Evocations and Shapeshifting.
 N - the cursed ring "Clairvoyant Seer" (right hand) {rN+, Range, Elem}
   (You found it on level 7 of the Dungeon)

   [ring of positive energy]

   rN+:       It protects you from negative energy.
   It has a curse which improves the following skills: Ranged Combat: Ranged
   Weapons and Throwing.
   Elements:  Fire Magic, Ice Magic, Air Magic and Earth Magic.
 Q - an amulet of the acrobat
 R - an amulet of reflection
 W - a ring of willpower
 Z - the cursed ring of the Tethered Sun (left hand) {Wiz, Elem, Cun}
   (You found it on level 1 of the Dungeon)

   [ring of wizardry]

   Wiz:       It improves your spell success rate.
   It has a curse which improves the following skills: Elements: Fire Magic, Ice
   Magic, Air Magic and Earth Magic.
   Cunning:   Dodging and Stealth.
Wands
 b - a wand of polymorph (4)
 e - a wand of acid (13)
 g - a wand of flame (42)
 h - a wand of paralysis (25)
 E - a wand of mindburst (32)
 M - a wand of iceblast (12)
Scrolls
 d - 2 scrolls of poison
 k - a scroll of brand weapon
 n - 9 scrolls of teleportation {@r2}
 r - 3 scrolls of fog
 y - a scroll of vulnerability
 z - 3 scrolls of fear
 A - 2 scrolls of noise
 B - 2 scrolls of immolation
 O - 2 scrolls of revelation
 X - a scroll of enchant armour
Potions
 j - 5 potions of enlightenment
 l - 14 potions of curing {@q1}
 m - 4 potions of might
 o - 4 potions of attraction
 s - 4 potions of haste {@q3}
 x - 5 potions of mutation
 D - 6 potions of invisibility
 G - 2 potions of resistance
 I - a potion of lignification
 J - 5 potions of heal wounds {@q2}
 T - a potion of berserk rage {!q}
 U - 2 potions of ambrosia
 V - a potion of cancellation
 Y - 4 potions of brilliance
Miscellaneous
 S - a box of beasts

Dungeon Overview and Level Annotations

Branches:
Dungeon (15/15)            Temple (1/1) D:7            Lair (5/5) D:9
  Swamp (0/4) Lair:3       Spider (3/4) Lair:2        Slime (0/5) Lair:5
    Orc (2/2) D:11            Elf (0/3) Orc:2        Vaults (0/5) D:14
 Depths (0/4) D:15        Ossuary (visited)         Volcano (visited)

Altars:
Ashenzari
Cheibriados
Dithmenos
Elyvilon
Fedhas
Gozag
Hepliaklqana
Makhleb
Nemelex Xobeh
Okawaru
Qazlal
Ru
Trog
Uskayaw
Wu Jian
Xom
Yredelemnul
Zin
The Shining One
Jiyva

Shops:
D:9 =   D:13 [   Orc:2 !:[[*

Annotations:
D:2 1 runed translucent door, Crazy Yiuf
Lair:5 2 runed translucent doors
Spider:2 2 transporters, exclusion: orange crystal statue

,,,,,,,***,,,,,,,,
,,,,,*** *,,.....,,
,,.,** **,.......,,
,,#.** *,.........,
*****.###**.........*
*,...###........* **
*,##.^.........#,,
,#***##.......#....,,,,
,..#,#...@Z......#,,***
,....#...♣....♣##.***
,,.......).Z...♣♣*,*
,,..##...^.S....#*,****
,,.,*#..<..~~♣..#*,*,,,
,,,,,##^....≈○R.#**,,,,
,,^,#..w|..≈≈~~.#*,,,,,
,,,,##✱♣#.$.$..#♣*,,,,,
,,,,*####♣♣~...# *,..**


You could see a wolf spider simulacrum (combustible, ally target), Nikola the
human simulacrum (distracted, ally target), a friendly mana viper (summoned) and
a friendly snaplasher vine.


Message History

The wolf spider dies!
A freezing mist starts to gather...
Your mana viper bites Nikola!!
A wolf spider simulacrum comes into view.
Unknown command.
Casting: Scorch (safe; 0% risk of failure)
Confirm with . or Enter, or press ? or * to list all spells.
Flames lash the wolf spider simulacrum.
The wolf spider simulacrum melts!
The wolf spider simulacrum is heavily damaged.
The wolf spider simulacrum's fire resistance burns away.
* * * LOW HITPOINT WARNING * * *
A root smacks the jorogumo simulacrum from below!!
The jorogumo simulacrum vaporises!
Your mana viper is engulfed in a cloud of scalding steam.
Your mana viper bites Nikola.
Nikola hits you.
* * * LOW HITPOINT WARNING * * *
Nikola freezes you!!
You feel a terrible chill!
* * * LOW HITPOINT WARNING * * *
Your dryad calls out to the forest.
Vines fly forth from the trees!
Your mana viper is engulfed in a cloud of scalding steam.
Your mana viper bites Nikola.
Nikola hits your snaplasher vine. Nikola freezes your snaplasher vine!!!
Your snaplasher vine is destroyed!
Your mana viper bites Nikola.
The wolf spider simulacrum attacks as it pursues you!
The wolf spider simulacrum hits you.
* * * LOW HITPOINT WARNING * * *
The wolf spider simulacrum freezes you!!
You feel a terrible chill!
You die...

Skill      XL: |  1  2  3  4  5  6  7  8  9 10 11 12 13 14 15 16 17 18 |
---------------+-------------------------------------------------------+-----
Spellcasting   | 4 5 6 8 9 10 12 13 14 15 | 15.0
Conjurations   | 4 5 6 8 9 10 12 13 14 15 | 15.0
Hexes          | 4 5 6 8 9 10 12 13 14 15 | 15.0
Summonings     | 4 5 6 8 9 10 12 13 14 15 | 15.0
Necromancy     | 4 5 6 8 9 10 12 13 14 15 | 15.0
Translocations | 4 5 6 8 9 10 12 13 14 15 | 15.0
Fire Magic     | 4 5 6 8 9 10 12 13 14 15 | 15.0
Ice Magic      | 4 5 6 8 9 10 12 13 14 15 | 15.0
Air Magic      | 4 5 6 8 9 10 12 13 14 15 | 15.0
Earth Magic    | 4 5 6 8 9 10 12 13 14 15 | 15.0
Alchemy        | 4 5 6 8 9 10 12 13 14 15 | 15.0
Fighting       | 1 3 6 7 8 11 | 11.3
Dodging        | 4 7 10 | 10.8
Staves         | 5 10 | 10.2
Long Blades    | 2 8 11 12 | 12.9
Armour         | 5 7 10 | 10.0
Evocations     | 3 6 |  6.3
Stealth        | |  1.5

Action                     |  1- 3 |  4- 6 |  7- 9 | 10-12 | 13-15 | 16-18 || total
---------------------------+-------+-------+-------+-------+-------+-------++-------
  Melee: Staff             |       |       |     1 |    23 |    50 |       ||    74
         Triple sword      |       |       |       |       |   523 |   828 ||  1351
         Punch             |       |       |       |       |     1 |       ||     1
   Cast: Foxfire           |    66 |    70 |   104 |   271 |    72 |     2 ||   585
         Scorch            |     4 |    23 |    31 |    61 |    11 |     2 ||   132
         Volatile Blastmot |       |     7 |    20 |    17 |       |       ||    44
         Jinxbite          |       |     1 |       |       |     8 |       ||     9
         Flame Wave        |       |     1 |     6 |    52 |     9 |       ||    68
         Mephitic Cloud    |       |       |    11 |    30 |    37 |    22 ||   100
         Manifold Assault  |       |       |       |     2 |   253 |   487 ||   742
         Kiss of Death     |       |       |       |     2 |       |       ||     2
         Summon Forest     |       |       |       |    13 |    44 |    25 ||    82
         Summon Mana Viper |       |       |       |       |    36 |    33 ||    69
         Eringya's Noxious |       |       |       |       |    24 |    39 ||    63
         Conjure Ball Ligh |       |       |       |       |       |     1 ||     1
 Invoke: Curse Item        |       |       |       |     4 |     2 |     1 ||     7
    Use: Scroll            |       |     2 |     2 |    10 |     5 |       ||    19
         Potion            |       |       |       |     2 |     2 |     1 ||     5
   Stab: Distracted        |       |       |       |     2 |     1 |       ||     3
         Confused          |       |       |       |       |     8 |     1 ||     9
         Sleeping          |       |       |       |       |     1 |     1 ||     2
 Armour: Robe              |     5 |    14 |    11 |    36 |       |       ||    66
         Acid dragon scale |       |       |       |    53 |       |       ||    53
         Troll leather arm |       |       |       |    24 |   213 |   143 ||   380
  Dodge: Dodged            |     8 |    13 |     7 |    88 |   212 |   155 ||   483

Levels and vault maps discovered:
D:1:      minmay_arrival_jagged, layout_rooms, minmay_ruptured
D:2:      layout_loops_ring, hellmonk_ecumenical_altar_zigzags,
          uniq_crazy_yiuf_cottage, uniq_robin
D:3:      layout_loops_ring, mainiacjoe_overflow_concentric_impassable
D:4:      layout_basic, gammafunk_temple_overflow_forgotten, uniq_edmund
D:5:      kennysheep_steamy, layout_basic, nicolae_wu_jian_immortal_techniques,
          worldfamousw_hep_ancestral_shrine, fedhas_altar_decomposition,
          uniq_grinder, uniq_sigmund, uniq_duvessa, uniq_menkaure,
          uniq_prince_ribbit1
D:6:      layout_loops_corners, trog_three_pillars_becter, cheibriados_altar_1,
          feat_on_display, uniq_jeremiah
D:7:      kennysheep_big_flooded_room, layout_loops_corners,
          kennysheep_mini_moat, chequers_temple_overflow_minitemple,
          minmay_temple_entry_drinking_statues, enter_ossuary_2
D:8:      layout_loops_ring, introduction_to_nature_1, uniq_amaemon, uniq_pikel,
          uniq_maurice
D:9:      layout_loops_corners, due_lair_maze_entry_diamond, serial_shops,
          nicolae_shop_peninsula, kennysheep_dice
D:10:     layout_irregular_city
D:11:     cheibrodos_grave_circle, layout_long_grid, orc_0_dummy,
          serial_demonic, serial_demonic_c, serial_demonic_c, serial_demonic_b,
          serial_demonic_e, kennysheep_small_square
D:12:     kennysheep_four_of_diamonds, layout_basic,
          chequers_serial_rivers_micro_a, dreamdust_deal_with_the_devil,
          kennysheep_potato, uniq_jorgrun
D:13:     layout_irregular_city, serial_shops, nicolae_take_the_stairs
D:14:     layout_gridville, skrybe_vaults_entry_preservation,
          kennysheep_doodads, minmay_fractal_squares_diagonal_5, uniq_nessos
D:15:     hangedman_depths_entry_civil_slaughter, layout_cross, uniq_josephine,
          uniq_azrael
Temple:   nicolae_temple_ecumenical_triangle
Lair:1:   lemuel_slime, layout_gridlike, enter_volcano_3, minivault_19,
          lemuel_oklob_altar, serial_bayou_shore_a
Lair:2:   layout_misc_corridors, spider_nest_entry_a, infiniplex_staircase_pool
Lair:3:   layout_small_grid, mainiacjoe_swamp_entry_lozenge_pond
Lair:4:   layout_regular_city
Lair:5:   cheibrodos_lair_end_hotspot, layout_small_grid,
          dpeg_slime_entry_corner
Spider:1: layout_chambers, nicolae_spider_acid_house
Spider:2: gammafunk_sealed_arena
Spider:3: layout_chambers, nicolae_spider_claw_tunnel, uniq_arachne,
          uniq_louise, uniq_roxanne, uniq_nikola
Orc:1:    layout_diamond_mine, portal_ice_cave_entry_animals_and_master,
          mines1_david
Orc:2:    grunt_orc_tribal_feast, layout_caves, serial_shops,
          nicolae_shop_rolling_square, uniq_urug

Notes
Turn   | Place    | Note
-------+----------+-------------------------------------------
     0 | D:1      | Drazool the Djinni Fire Elementalist began the quest for
                  | the Orb.
     0 | D:1      | Drazool set off with the following spells memorised:
                  | Foxfire, Scorch, Volatile Blastmotes, Inner Flame, Flame
                  | Wave.
     0 | D:1      | Reached XP level 1. HP: 15/15 MP: 0/0
   163 | D:1      | Reached XP level 2. HP: 19/21 MP: 0/0
   358 | D:1      | You are sucked into a shaft and drop 1 floor!
   496 | D:1      | Reached XP level 3. HP: 21/25 MP: 0/0
   496 | D:1      | Learned a level 1 spell: Kiss of Death
   903 | D:2      | Reached skill level 4 in Spellcasting
   903 | D:2      | Reached skill level 4 in Conjurations
   903 | D:2      | Reached skill level 4 in Hexes
   903 | D:2      | Reached skill level 4 in Summonings
   903 | D:2      | Reached skill level 4 in Necromancy
   903 | D:2      | Reached skill level 4 in Translocations
   903 | D:2      | Reached skill level 4 in Fire Magic
   903 | D:2      | Reached skill level 4 in Ice Magic
   903 | D:2      | Reached skill level 4 in Air Magic
   903 | D:2      | Reached skill level 4 in Earth Magic
   903 | D:2      | Reached skill level 4 in Alchemy
  1012 | D:2      | Reached XP level 4. HP: 19/31 MP: 0/0
  1195 | D:2      | Found a faded altar of an unknown god.
  1463 | D:2      | Reached XP level 5. HP: 3/35 MP: 0/0
  1463 | D:2      | Learned a level 2 spell: Jinxbite
  1952 | D:2      | Found a runed translucent door.
  1953 | D:2      | Noticed Crazy Yiuf
  2236 | D:3      | Reached skill level 5 in Spellcasting
  2236 | D:3      | Reached skill level 5 in Conjurations
  2236 | D:3      | Reached skill level 5 in Hexes
  2236 | D:3      | Reached skill level 5 in Summonings
  2236 | D:3      | Reached skill level 5 in Necromancy
  2236 | D:3      | Reached skill level 5 in Translocations
  2236 | D:3      | Reached skill level 5 in Fire Magic
  2236 | D:3      | Reached skill level 5 in Ice Magic
  2236 | D:3      | Reached skill level 5 in Air Magic
  2236 | D:3      | Reached skill level 5 in Earth Magic
  2236 | D:3      | Reached skill level 5 in Alchemy
  2308 | D:3      | Found a sacrificial altar of Ru.
  2353 | D:3      | Reached skill level 1 in Fighting
  2357 | D:3      | Reached XP level 6. HP: 28/42 MP: 0/0
  2358 | D:3      | Reached skill level 3 in Dodging
  2772 | D:4      | Reached skill level 2 in Fighting
  2777 | D:4      | Reached skill level 3 in Fighting
  2777 | D:4      | Reached skill level 4 in Dodging
  2777 | D:4      | Reached XP level 7. HP: 37/50 MP: 0/0
  2777 | D:4      | Learned a level 3 spell: Mephitic Cloud
  3026 | D:4      | Noticed Edmund
  3040 | D:4      | Killed Edmund
  3242 | D:4      | Found a white marble altar of Elyvilon.
  3242 | D:4      | Found a stormy altar of Qazlal.
  3243 | D:4      | Found a burning altar of Makhleb.
  3275 | D:4      | Reached skill level 6 in Spellcasting
  3275 | D:4      | Reached skill level 6 in Conjurations
  3275 | D:4      | Reached skill level 6 in Hexes
  3275 | D:4      | Reached skill level 6 in Summonings
  3275 | D:4      | Reached skill level 6 in Necromancy
  3275 | D:4      | Reached skill level 6 in Translocations
  3275 | D:4      | Reached skill level 6 in Fire Magic
  3275 | D:4      | Reached skill level 6 in Ice Magic
  3275 | D:4      | Reached skill level 6 in Air Magic
  3275 | D:4      | Reached skill level 6 in Earth Magic
  3275 | D:4      | Reached skill level 6 in Alchemy
  3283 | D:4      | Reached XP level 8. HP: 26/56 MP: 0/0
  3762 | D:5      | Entered Level 5 of the Dungeon
  3829 | D:5      | Noticed Duvessa
  3831 | D:5      | Noticed Dowan
  3839 | D:5      | Killed Duvessa
  3842 | D:5      | Killed Dowan
  3846 | D:5      | Reached skill level 7 in Spellcasting
  3846 | D:5      | Reached skill level 7 in Conjurations
  3846 | D:5      | Reached skill level 7 in Hexes
  3846 | D:5      | Reached skill level 7 in Summonings
  3846 | D:5      | Reached skill level 7 in Necromancy
  3846 | D:5      | Reached skill level 7 in Translocations
  3846 | D:5      | Reached skill level 7 in Fire Magic
  3846 | D:5      | Reached skill level 7 in Ice Magic
  3846 | D:5      | Reached skill level 7 in Air Magic
  3846 | D:5      | Reached skill level 7 in Earth Magic
  3846 | D:5      | Reached skill level 7 in Alchemy
  3943 | D:5      | Noticed Menkaure
  3947 | D:5      | Killed Menkaure
  4044 | D:5      | Noticed Grinder
  4057 | D:5      | Paralysed by Grinder for 5 turns
  4060 | D:5      | Killed Grinder
  4061 | D:5      | Reached skill level 8 in Spellcasting
  4061 | D:5      | Reached skill level 8 in Conjurations
  4061 | D:5      | Reached skill level 8 in Hexes
  4061 | D:5      | Reached skill level 8 in Summonings
  4061 | D:5      | Reached skill level 8 in Necromancy
  4061 | D:5      | Reached skill level 8 in Translocations
  4061 | D:5      | Reached skill level 8 in Fire Magic
  4061 | D:5      | Reached skill level 8 in Ice Magic
  4061 | D:5      | Reached skill level 8 in Air Magic
  4061 | D:5      | Reached skill level 8 in Earth Magic
  4061 | D:5      | Reached skill level 8 in Alchemy
  4061 | D:5      | Reached XP level 9. HP: 39/60 MP: 0/0
  4061 | D:5      | Learned a level 4 spell: Manifold Assault
  4193 | D:5      | Noticed Sigmund
  4201 | D:5      | Killed Sigmund
  4357 | D:5      | Identified the +0 leather armour "Soutamnu" {rCorr}
  4394 | D:5      | Reached skill level 9 in Spellcasting
  4394 | D:5      | Reached skill level 9 in Conjurations
  4394 | D:5      | Reached skill level 9 in Hexes
  4394 | D:5      | Reached skill level 9 in Summonings
  4394 | D:5      | Reached skill level 9 in Necromancy
  4394 | D:5      | Reached skill level 9 in Translocations
  4394 | D:5      | Reached skill level 9 in Fire Magic
  4394 | D:5      | Reached skill level 9 in Ice Magic
  4394 | D:5      | Reached skill level 9 in Air Magic
  4394 | D:5      | Reached skill level 9 in Earth Magic
  4394 | D:5      | Reached skill level 9 in Alchemy
  4629 | D:5      | Found a blossoming altar of Fedhas.
  4673 | D:5      | Noticed Prince Ribbit
  4678 | D:5      | Killed Prince Ribbit
  4679 | D:5      | Reached skill level 4 in Fighting
  4735 | D:5      | Found a hazy altar of Hepliaklqana.
  4749 | D:5      | Found an ornate altar of the Wu Jian Council.
  4838 | D:5      | Reached skill level 5 in Fighting
  5118 | D:5      | Reached skill level 6 in Fighting
  5200 | D:5      | Reached XP level 10. HP: 58/73 MP: 0/0
  5370 | D:6      | Reached skill level 7 in Fighting
  5465 | D:6      | Reached skill level 5 in Dodging
  5691 | D:6      | Noticed Jeremiah
  5697 | D:6      | Reached skill level 6 in Dodging
  6025 | D:6      | Reached skill level 7 in Dodging
  6313 | D:6      | Found a bloodstained altar of Trog.
  6339 | D:6      | Found a snail-covered altar of Cheibriados.
  6658 | D:6      | Killed Jeremiah
  6907 | D:7      | Found an iron altar of Okawaru.
  6907 | D:7      | Found a faded altar of an unknown god.
  6914 | D:7      | Found a faded altar of an unknown god.
  7071 | D:7      | Found a staircase to the Ecumenical Temple.
  7085 | Temple   | Entered the Ecumenical Temple
  7092 | Temple   | Became a worshipper of Ashenzari the Shackled
  7138 | D:7      | Found a sand-covered staircase.
  7143 | Ossuary  | Entered an ossuary
  7530 | D:7      | Found a shadowy altar of Dithmenos.
  7561 | D:7      | Reached skill level 10 in Spellcasting
  7561 | D:7      | Reached skill level 10 in Conjurations
  7561 | D:7      | Reached skill level 10 in Hexes
  7561 | D:7      | Reached skill level 10 in Summonings
  7561 | D:7      | Reached skill level 10 in Necromancy
  7561 | D:7      | Reached skill level 10 in Translocations
  7561 | D:7      | Reached skill level 10 in Fire Magic
  7561 | D:7      | Reached skill level 10 in Ice Magic
  7561 | D:7      | Reached skill level 10 in Air Magic
  7561 | D:7      | Reached skill level 10 in Earth Magic
  7561 | D:7      | Reached skill level 10 in Alchemy
  8155 | D:8      | Noticed Amaemon
  8156 | D:8      | Noticed an orange demon
  8370 | D:8      | Noticed Pikel
  8373 | D:8      | Reached XP level 11. HP: 30/58 MP: 0/0
  8373 | D:8      | Learned a level 5 spell: Summon Forest
  8501 | D:8      | Paralysed by Pikel for 2 turns
  8508 | D:8      | Noticed Maurice
  8511 | D:8      | Killed Pikel
  8515 | D:8      | Killed Maurice
  8516 | D:8      | Reached skill level 11 in Spellcasting
  8516 | D:8      | Reached skill level 11 in Conjurations
  8516 | D:8      | Reached skill level 11 in Hexes
  8516 | D:8      | Reached skill level 11 in Summonings
  8516 | D:8      | Reached skill level 11 in Necromancy
  8516 | D:8      | Reached skill level 11 in Translocations
  8516 | D:8      | Reached skill level 11 in Fire Magic
  8516 | D:8      | Reached skill level 11 in Ice Magic
  8516 | D:8      | Reached skill level 11 in Air Magic
  8516 | D:8      | Reached skill level 11 in Earth Magic
  8516 | D:8      | Reached skill level 11 in Alchemy
  9325 | D:8      | Noticed an oklob plant
  9337 | D:8      | Killed an oklob plant
  9576 | D:8      | Killed Amaemon
 10088 | D:9      | Reached skill level 12 in Spellcasting
 10088 | D:9      | Reached skill level 12 in Conjurations
 10088 | D:9      | Reached skill level 12 in Hexes
 10088 | D:9      | Reached skill level 12 in Summonings
 10088 | D:9      | Reached skill level 12 in Necromancy
 10088 | D:9      | Reached skill level 12 in Translocations
 10088 | D:9      | Reached skill level 12 in Fire Magic
 10088 | D:9      | Reached skill level 12 in Ice Magic
 10088 | D:9      | Reached skill level 12 in Air Magic
 10088 | D:9      | Reached skill level 12 in Earth Magic
 10088 | D:9      | Reached skill level 12 in Alchemy
 10231 | D:9      | Reached skill level 8 in Fighting
 10383 | D:9      | Reached * piety under Ashenzari
 10664 | D:9      | Reached XP level 12. HP: 77/88 MP: 0/0
 10667 | D:9      | Reached skill level 9 in Fighting
 10925 | D:9      | Found a staircase to the Lair.
 10994 | D:9      | Found Ixolysuq's Jewellery Boutique.
 11068 | D:9      | Reached skill level 10 in Fighting
 11621 | D:9      | Reached ** piety under Ashenzari
 11709 | D:10     | Entered Level 10 of the Dungeon
 11712 | D:10     | Upgraded the game from 0.31-a0-1321-g5021b54cb2 to
                  | 0.31-a0-1338-gb567cfdca4
 11802 | D:10     | Reached skill level 11 in Fighting
 12057 | D:10     | Reached skill level 1 in Staves
 12276 | D:10     | Reached *** piety under Ashenzari
 12326 | D:10     | Reached skill level 2 in Staves
 12444 | D:10     | Reached skill level 3 in Staves
 12780 | Lair:1   | Entered Level 1 of the Lair of Beasts
 12780 | Lair:1   | Found a glowing silver altar of Zin.
 12802 | Lair:1   | Reached skill level 4 in Staves
 12887 | Lair:1   | Reached skill level 5 in Staves
 12974 | Lair:1   | Reached XP level 13. HP: 67/99 MP: 0/0
 12974 | Lair:1   | Learned a level 5 spell: Summon Mana Viper
 12977 | Lair:1   | Reached skill level 6 in Staves
 13201 | Lair:1   | Reached skill level 7 in Staves
 13255 | Lair:1   | Found a dark tunnel.
 13261 | Volcano  | Entered a volcano
 13282 | Volcano  | Identified a potion of resistance
 13285 | Volcano  | Noticed a red draconian
 13297 | Volcano  | Killed a red draconian
 13380 | Volcano  | Noticed a centaur warrior
 13387 | Volcano  | Killed a centaur warrior
 13388 | Volcano  | Reached skill level 8 in Staves
 13578 | Lair:1   | Identified the +6 rapier "Arcanum" {chaos, +Blink rN+}
 13702 | Lair:1   | Reached skill level 9 in Staves
 14138 | Lair:2   | Reached **** piety under Ashenzari
 14174 | Lair:2   | Reached skill level 10 in Staves
 14232 | Lair:2   | Found a hole to the Spider Nest.
 14577 | Lair:2   | Identified the +8 orcbow of Wizu {flame, rCorr Str-3 SInv}
 14829 | Lair:3   | Reached skill level 1 in Long Blades
 14888 | Lair:3   | Found a staircase to the Swamp.
 14902 | Lair:3   | Reached skill level 2 in Long Blades
 14922 | Lair:3   | Reached XP level 14. HP: 77/105 MP: 0/0
 15013 | Lair:3   | Reached skill level 3 in Long Blades
 15239 | Lair:3   | Identified Uqepias's Anthology of Nature
 15685 | Lair:4   | Reached skill level 4 in Long Blades
 15784 | Lair:4   | Reached skill level 5 in Long Blades
 16045 | Lair:4   | Reached skill level 6 in Long Blades
 16526 | Lair:5   | Entered Level 5 of the Lair of Beasts
 16613 | Lair:5   | Reached skill level 7 in Long Blades
 16613 | Lair:5   | Reached skill level 13 in Spellcasting
 16613 | Lair:5   | Reached skill level 13 in Conjurations
 16613 | Lair:5   | Reached skill level 13 in Hexes
 16613 | Lair:5   | Reached skill level 13 in Summonings
 16613 | Lair:5   | Reached skill level 13 in Necromancy
 16613 | Lair:5   | Reached skill level 13 in Translocations
 16613 | Lair:5   | Reached skill level 13 in Fire Magic
 16613 | Lair:5   | Reached skill level 13 in Ice Magic
 16613 | Lair:5   | Reached skill level 13 in Air Magic
 16613 | Lair:5   | Reached skill level 13 in Earth Magic
 16613 | Lair:5   | Reached skill level 13 in Alchemy
 16966 | Lair:5   | Reached skill level 8 in Long Blades
 17215 | Lair:5   | Reached XP level 15. HP: 53/111 MP: 0/0
 17215 | Lair:5   | Learned a level 6 spell: Eringya's Noxious Bog
 17291 | Lair:5   | Found a large runed translucent door.
 17292 | Lair:5   | Found a large runed translucent door.
 17326 | Lair:5   | Reached skill level 9 in Long Blades
 17776 | Lair:5   | Reached skill level 1 in Armour
 17794 | Lair:5   | Reached skill level 2 in Armour
 17851 | Lair:5   | Found a viscous altar of Jiyva.
 17851 | Lair:5   | Found a staircase to the Slime Pits.
 18480 | D:11     | Reached skill level 10 in Long Blades
 18486 | D:11     | Reached skill level 3 in Armour
 18582 | D:11     | Found a staircase to the Orcish Mines.
 18709 | D:11     | Reached skill level 4 in Armour
 19104 | Orc:1    | Entered Level 1 of the Orcish Mines
 19279 | Orc:2    | Entered Level 2 of the Orcish Mines
 19284 | Orc:2    | Reached skill level 11 in Long Blades
 19290 | Orc:2    | Noticed Urug
 19299 | Orc:2    | Killed Urug
 19304 | Orc:2    | Found a staircase to the Elven Halls.
 19410 | Orc:1    | HP: 8/111 [orc warrior/+0 long sword[an orc high priest]
                  | (15)]
 19664 | Orc:1    | Reached skill level 5 in Armour
 20185 | Orc:2    | Reached XP level 16. HP: 91/116 MP: 0/0
 20240 | Orc:2    | Reached skill level 12 in Long Blades
 20266 | Orc:2    | Found Geakhl Ytsi's Distillery.
 20266 | Orc:2    | Found Udegomec's Antique Armour Shoppe.
 20268 | Orc:2    | Found Qaemeq's Book Shop.
 20268 | Orc:2    | Found Dorid's Antique Armour Shoppe.
 20282 | Orc:2    | Bought a dazzling helmet for 247 gold pieces
 20282 | Orc:2    | Identified the +0 helmet "Koawet" (You bought it in a shop
                  | on level 2 of the Orcish Mines)
 20285 | Orc:2    | Bought a potion of heal wounds for 90 gold pieces
 20285 | Orc:2    | Bought a potion of heal wounds for 90 gold pieces
 20285 | Orc:2    | Bought a potion of mutation for 144 gold pieces
 20327 | Orc:2    | Found Kienid's General Store.
 20622 | Orc:1    | Reached skill level 6 in Armour
 21155 | D:12     | Reached ***** piety under Ashenzari
 21210 | D:12     | Found the +15 Maxwell's patent armour {-Cast -Tele rElec
                  | Will+ rCorr}
 21466 | D:12     | Reached skill level 7 in Armour
 21570 | D:12     | Noticed Jorgrun
 21580 | D:12     | Noticed a tengu reaver
 21587 | D:12     | Killed Jorgrun
 21587 | D:12     | Killed a tengu reaver
 21592 | D:12     | Noticed a tengu reaver
 21600 | D:12     | Killed a tengu reaver
 22160 | D:13     | Reached skill level 14 in Spellcasting
 22160 | D:13     | Reached skill level 14 in Conjurations
 22160 | D:13     | Reached skill level 14 in Hexes
 22160 | D:13     | Reached skill level 14 in Summonings
 22160 | D:13     | Reached skill level 14 in Necromancy
 22160 | D:13     | Reached skill level 14 in Translocations
 22160 | D:13     | Reached skill level 14 in Fire Magic
 22160 | D:13     | Reached skill level 14 in Ice Magic
 22160 | D:13     | Reached skill level 14 in Air Magic
 22160 | D:13     | Reached skill level 14 in Earth Magic
 22160 | D:13     | Reached skill level 14 in Alchemy
 22468 | D:13     | Found Alok's Antique Armour Shoppe.
 22895 | D:14     | Found a gate to the Vaults.
 23042 | D:14     | Noticed Nessos
 23050 | D:14     | Killed Nessos
 23684 | D:15     | Entered Level 15 of the Dungeon
 23786 | D:15     | Noticed Azrael
 23791 | D:15     | Reached XP level 17. HP: 110/121 MP: 0/0
 23791 | D:15     | Learned a level 6 spell: Conjure Ball Lightning
 23986 | D:15     | Reached skill level 15 in Spellcasting
 23986 | D:15     | Reached skill level 15 in Conjurations
 23986 | D:15     | Reached skill level 15 in Hexes
 23986 | D:15     | Reached skill level 15 in Summonings
 23986 | D:15     | Reached skill level 15 in Necromancy
 23986 | D:15     | Reached skill level 15 in Translocations
 23986 | D:15     | Reached skill level 15 in Fire Magic
 23986 | D:15     | Reached skill level 15 in Ice Magic
 23986 | D:15     | Reached skill level 15 in Air Magic
 23986 | D:15     | Reached skill level 15 in Earth Magic
 23986 | D:15     | Reached skill level 15 in Alchemy
 24003 | D:15     | Reached skill level 8 in Dodging
 24174 | D:15     | Killed Azrael
 24232 | D:15     | Reached skill level 9 in Dodging
 24591 | D:15     | Found a staircase to the Depths.
 24605 | D:15     | Noticed Josephine
 24608 | D:15     | Killed Josephine
 24628 | D:15     | Reached skill level 10 in Dodging
 25065 | Spider:1 | Entered Level 1 of the Spider Nest
 25312 | Spider:1 | Noticed an acid blob
 25328 | Spider:1 | Killed an acid blob
 25333 | Spider:1 | Reached skill level 8 in Armour
 25666 | Spider:1 | Reached skill level 9 in Armour
 25867 | Spider:1 | Reached skill level 10 in Armour
 25894 | Spider:1 | Reached skill level 1 in Evocations
 26568 | Spider:2 | Found a transporter.
 26568 | Spider:2 | Identified the ring "Yrefop" {rN+ Str+3 Dex+4 Stlth+}
 26582 | Spider:2 | Reached skill level 2 in Evocations
 26647 | Spider:2 | Found a transporter.
 26654 | Spider:2 | Reached skill level 3 in Evocations
 26691 | Spider:2 | Reached XP level 18. HP: 107/128 MP: 0/0
 26708 | Spider:2 | Reached skill level 4 in Evocations
 26880 | Spider:3 | Noticed Arachne
 26890 | Spider:3 | Killed Arachne
 26891 | Spider:3 | Noticed Nikola
 26923 | Spider:2 | Reached skill level 5 in Evocations
 27075 | Spider:3 | Killed Nikola
 27076 | Spider:3 | Reached skill level 6 in Evocations
 27084 | Spider:3 | Slain by a wolf spider simulacrum

Vanquished Creatures
  A tengu reaver (D:12)
  2 ghost moths
  An orc warlord (Orc:1)
  An ironbound preserver (D:15)
  Nessos (D:14)
  An ettin (D:15)
  4 entropy weavers
  5 hydras
  4 radroaches
  2 jorogumos
  4 centaur warriors
  6 two-headed ogres
  A catoblepas (Lair:5)
  A tengu warrior (D:15)
  5 boulder beetles
  3 death yaks (Lair:5)
  2 demonic crawlers
  2 orc high priests
  A soul eater (D:11)
  A skyshark (Lair:5)
  A pharaoh ant (Spider:1)
  Amaemon (D:8)
  3 skeletal warriors
  3 orb spiders
  An arcanist (D:15)
  5 orc knights
  A necromancer (D:15)
  Pikel (D:8)
  2 deep elf pyromancers
  A wolf spider zombie (D:11)
  2 oklob plants
  3 orc sorcerers
  Maurice (D:8)
  7 wolf spiders (Spider:1)
  6 cyclopes
  3 manticores
  4 ugly things
  3 elephants (Lair:4)
  5 kobold blastminers
  A black mamba (shapeshifter) (D:14)
  2 black mambas (Lair:5)
  A torpor snail (Spider:1)
  A molten gargoyle (Lair:5)
  2 orange demons
  3 cane toads
  A cane toad (shapeshifter) (D:15)
  2 kobold demonologists
  2 rime drakes
  Jeremiah (D:6)
  2 unseen horrors (D:10)
  6 komodo dragons
  A yaktaur (Volcano)
  2 efreet (D:14)
  An ice devil (D:11)
  4 trolls
  A tengu conjurer (D:14)
  5 polar bears
  15 blink frogs
  Grinder (D:5)
  6 tarantellas
  A hornet (D:8)
  Prince Ribbit (D:5)
  A polar bear (shapeshifter) (D:15)
  10 slime creatures
  Sigmund (D:5)
  12 jumping spiders
  4 shadows
  A vampire (D:14)
  5 wyverns
  2 water elementals (D:12)
  5 culicivoras (Spider:1)
  4 wraiths
  2 fire elementals (D:15)
  2 spriggans (shapeshifter)
  4 wargs
  41 yaks
  4 steam dragons
  3 basilisks (Lair:5)
  20 redbacks
  7 vampire mosquitoes
  Menkaure (D:5)
  7 acid dragons
  Edmund (D:4)
  5 hell hounds
  13 water moccasins
  Duvessa (D:5)
  4 ice beasts
  22 orc warriors
  6 black bears
  2 sky beasts (D:6)
  9 ogres
  8 centaurs
  A phantom (D:4)
  2 lemures (D:8)
  A kobold brigand (D:9)
  11 bullfrogs
  4 necrophages (D:5)
  3 scorpions
  A gnoll sergeant (D:12)
  7 water moccasin zombies
  A wyvern zombie (D:5)
  10 wights
  Dowan (D:5)
  6 killer bees
  An oklob sapling (D:8)
  2 howler monkeys
  7 electric eels
  4 centaur zombies
  4 lava snakes
  7 jellies
  9 orc priests
  5 hounds
  2 gnoll boudas
  2 sleepcaps
  2 iguanas
  21 orc wizards
  2 bullfrog simulacra (Ossuary)
  A crocodile zombie (Ossuary)
  2 mummies (Ossuary)
  16 gnolls
  12 adders
  3 shadow imps
  2 white imps
  5 adder zombies (Ossuary)
  2 worms (D:2)
  2 dart slugs
  65 orcs
  9 ball pythons
  8 endoplasms
  8 giant cockroaches
  4 gnoll zombies (Ossuary)
  4 goblins
  8 hobgoblins
  5 jackals
  13 kobolds
  A quokka (D:5)
  6 bats
  4 frilled lizards
  4 hobgoblin zombies (Ossuary)
  3 kobold zombies (Ossuary)
  8 orc zombies (Ossuary)
  9 rats
  2 snaplasher vines (Spider:2)
692 creatures vanquished.

Vanquished Creatures (collateral kills)
  Nikola (Spider:3)
  Arachne (Spider:3)
  Jorgrun (D:12)
  An acid blob (Spider:1)
  A tengu reaver (D:12)
  An emperor scorpion (Spider:1)
  A red draconian (Volcano)
  Azrael (D:15)
  Josephine (D:15)
  2 entropy weavers (Spider:1)
  A fire dragon (D:15)
  A hydra (Lair:5)
  An ogre mage (Orc:2)
  A catoblepas (Lair:5)
  A jorogumo (Spider:3)
  A centaur warrior (Volcano)
  5 death yaks
  2 orc high priests (Orc:2)
  2 tengu warriors (D:15)
  Urug (Orc:2)
  A hell knight (D:15)
  A skyshark (Lair:2)
  A goliath frog (Lair:3)
  A pharaoh ant (Spider:3)
  A skeletal warrior (D:15)
  An orb spider (Spider:3)
  An oklob plant (Lair:1)
  A harpy (shapeshifter) (D:12)
  A wolf spider zombie (D:11)
  2 lindwurms (Lair:5)
  A deep elf pyromancer (D:14)
  2 orc knights
  2 cyclopes (D:12)
  4 wolf spiders
  3 ugly things
  A manticore (D:10)
  2 kobold blastminers (Orc:2)
  6 elephants
  4 black mambas (Lair:5)
  2 molten gargoyles (Lair:5)
  4 gargoyles
  A cane toad (shapeshifter) (D:14)
  5 cane toads
  An unseen horror (D:10)
  A centaur skeleton (D:11)
  4 komodo dragons
  A rime drake (Lair:5)
  A kobold demonologist (D:12)
  2 tengu conjurers
  3 meliai (Spider:2)
  A troll (D:10)
  4 polar bears
  A hornet (Lair:3)
  2 hellwings (D:11)
  9 blink frogs
  2 jumping spiders (Lair:2)
  2 wyverns (Lair:5)
  42 yaks
  2 basilisks
  A fire elemental (D:15)
  4 wraiths
  2 redbacks
  A steam dragon (Lair:5)
  A warg (Orc:1)
  6 vampire mosquitoes
  2 acid dragons (Spider:1)
  5 hell hounds
  4 water moccasins
  2 orc warriors
  An ogre (Orc:1)
  2 wolves (Orc:1)
  2 centaurs (Volcano)
  4 bullfrogs
  3 wights (D:10)
  2 electric eels
  2 lava snakes (Lair:5)
  A quasit (D:11)
  4 orc priests
  2 jellies (Lair:1)
  A shadow imp (D:11)
  4 orcs
  3 endoplasms (Lair:1)
  5 foxfires
217 creatures vanquished.

Vanquished Creatures (others)
  A lava snake (Lair:5)
  3 ball lightnings (D:15)
  975 foxfires
  21 snaplasher vines
1000 creatures vanquished.

Grand Total: 1909 creatures vanquished

Table legend: (Time is in decaauts)
 A = Elapsed time spent in this place.
 B = Non-inter-level travel time spent in this place.
 C = Inter-level travel time spent in this place.
 D = Time resting spent in this place.
 E = Time spent auto-exploring this place.
 F = Levels seen in this place.
 G = Mean time per level.
                   A        B        C        D        E       F      G
               +--------+--------+--------+--------+--------+-----+--------+
         Total |  27243 |  25866 |   1377 |   2201 |  17605 |  28 |  973.0 |
       Dungeon |  17509 |  16555 |    954 |   1577 |  11537 |  15 | 1167.3 |
        Temple |     12 |     12 |      0 |      0 |      0 |   1 |   12.0 |
          Lair |   5232 |   5031 |    201 |    152 |   3666 |   5 | 1046.4 |
   Spider Nest |   2006 |   1907 |     99 |     96 |   1320 |   3 |  668.7 |
  Orcish Mines |   1958 |   1836 |    122 |    343 |    788 |   2 |  979.0 |
       Ossuary |    254 |    254 |      0 |      0 |    168 |   1 |  254.0 |
       Volcano |    269 |    269 |      0 |     33 |    126 |   1 |  269.0 |
               +--------+--------+--------+--------+--------+-----+--------+

Top non-repeatable levels by time:
     D:9: 1718 daAuts
     D:5: 1605 daAuts
  Lair:5: 1564 daAuts
     D:7: 1494 daAuts
     D:8: 1473 daAuts
Spider:1: 1462 daAuts
     D:6: 1446 daAuts
     D:2: 1323 daAuts
    D:14: 1152 daAuts
    D:10: 1113 daAuts
  Lair:4: 1049 daAuts
     D:4: 1030 daAuts
   Orc:1: 1025 daAuts
    D:11: 965 daAuts
    D:12: 936 daAuts

Table legend:
 A = Non-vault XP
 B = Vault XP
 C = Vault XP percentage of total XP
 D = Non-vault monster count
 E = Vault monster count
 F = Vault count percentage of total count
                 A         B        C        D         E       F
            +---------+---------+-------+---------+---------+-------
      Total |  139768 |   78671 |  36.0 |     632 |     268 |  29.8
            +---------+---------+-------+---------+---------+-------
        D:1 |      35 |       4 |  10.3 |      21 |       2 |   8.7
        D:2 |     130 |       2 |   1.5 |      23 |       1 |   4.2
        D:3 |     167 |       0 |   0.0 |      23 |       0 |   0.0
        D:4 |     624 |     157 |  20.1 |      20 |       1 |   4.8
        D:5 |     814 |    2184 |  72.8 |      18 |      16 |  47.1
        D:6 |    1416 |     370 |  20.7 |      22 |       1 |   4.3
        D:7 |     743 |     479 |  39.2 |      20 |       2 |   9.1
        D:8 |     598 |    3568 |  85.6 |       4 |      22 |  84.6
        D:9 |    4208 |    1996 |  32.2 |      38 |      13 |  25.5
       D:10 |    4927 |       0 |   0.0 |      22 |       0 |   0.0
       D:11 |    4231 |    6575 |  60.8 |      16 |      19 |  54.3
       D:12 |    3788 |   11829 |  75.7 |      19 |      17 |  47.2
       D:13 |    8803 |       0 |   0.0 |      21 |       0 |   0.0
       D:14 |    5373 |    6159 |  53.4 |      12 |      12 |  50.0
       D:15 |   11681 |    8355 |  41.7 |      25 |      18 |  41.9
     Lair:1 |    7277 |    1401 |  16.1 |      36 |      20 |  35.7
     Lair:2 |    7790 |     635 |   7.5 |      21 |       3 |  12.5
     Lair:3 |    3866 |    1042 |  21.2 |      18 |       2 |  10.0
     Lair:4 |    9028 |       0 |   0.0 |      29 |       0 |   0.0
     Lair:5 |   18994 |    7807 |  29.1 |      51 |      26 |  33.8
   Spider:1 |   21572 |    4945 |  18.6 |      53 |      11 |  17.2
   Spider:2 |    8903 |       0 |   0.0 |      18 |       0 |   0.0
   Spider:3 |    3961 |    4697 |  54.3 |       7 |       2 |  22.2
      Orc:1 |    9244 |    4012 |  30.3 |      69 |      13 |  15.9
      Orc:2 |    1595 |    9268 |  85.3 |      26 |      26 |  50.0
    Ossuary |       0 |     553 | 100.0 |       0 |      34 | 100.0
    Volcano |       0 |    2633 | 100.0 |       0 |       7 | 100.0
            +---------+---------+-------+---------+---------+-------
